Edmonton Oilers vs Chicago Black Hawks
Created - Friday, April 12, 2024 at 06:56
Goals
|
| Edmonton Oilers |
1 |
1 |
0 |
2 |
| Chicago Black Hawks |
2 |
1 |
1 |
4 |
|
Shots
|
| Edmonton Oilers |
15 |
13 |
4 |
32 |
| Chicago Black Hawks |
9 |
11 |
7 |
27 |
|
1st period
1. Chicago Black Hawks , Bo Horvat 23 (Vincent Trocheck 29, Kevin Fiala 30) at 2:13
2. Chicago Black Hawks , Patrice Bergeron 24 (Barrett Hayton 17) at 10:31
3. Edmonton Oilers , David Perron 17 (Brett Pesce 6, Mikael Backlund 18) at 15:50 (PP)
Penalties :
Brent Burns (CHI) for High sticking (Minor) at 2:46, Kirby Dach (CHI) for Interference (Minor) at 15:02, Boone Jenner (EDM) for Interference (Minor) at 18:48
2nd period
4. Chicago Black Hawks , Kirby Dach 20 (Patrice Bergeron 33, Barrett Hayton 18) at 0:14 (PP)
5. Edmonton Oilers , David Perron 18 (Adrian Kempe 34) at 8:26
Penalties :
Brent Burns (CHI) for Hooking (Minor) at 12:20, Cale Makar (CHI) for Tripping (Minor) at 14:50, Brandon Carlo (EDM) for Tripping (Minor) at 17:40
3rd period
6. Chicago Black Hawks , Bo Horvat 24 (Kevin Fiala 31) at 17:11 (PP)
Penalties :
Boone Jenner (EDM) for Interference (Minor) at 4:28, Tanner Jeannot (EDM) for Holding (Minor) at 12:12, Blake Wheeler (EDM) for Cross-checking (Minor) at 17:00, Michael Rasmussen (CHI) for Tripping (Minor) at 17:58
Goalie Stats
Juuse Saros (EDM), 23 saves from 27 shots - (0.852), L, 27-18-2, 60:00 minutes
Thatcher Demko (CHI), 30 saves from 32 shots - (0.938), W, 29-7-7, 60:00 minutes
Players Stats for Edmonton Oilers
Player Name G A P +/- PIM S H SB GA TA FO MP PP MP PK MP
------------------------------------------------------------------------------------
Adrian Kempe 0 1 1 0 0 6 4 0 0 1 0/1 18:21 4:32 0:00
Alex Iafallo 0 0 0 0 0 0 1 1 0 0 0/0 13:07 0:13 3:08
Blake Wheeler 0 0 0 0 2 1 2 1 0 0 0/2 15:45 5:55 0:00
Boone Jenner 0 0 0 0 4 6 3 1 1 0 9/22 18:28 4:44 0:00
Brandon Carlo 0 0 0 -1 2 1 1 1 0 0 0/0 18:43 0:00 3:26
Brett Pesce 0 1 1 0 0 0 0 2 0 0 0/0 19:46 2:49 0:56
Brock Boeser 0 0 0 0 0 1 0 0 0 0 0/1 17:51 4:45 0:00
David Perron 2 0 2 0 0 4 0 0 0 0 0/0 17:50 3:36 0:30
Dawson Mercer 0 0 0 -1 0 1 0 0 0 1 0/0 10:45 2:59 0:29
Derek Grant 0 0 0 -1 0 0 0 0 0 0 4/10 11:38 0:00 4:10
Evan Bouchard 0 0 0 0 0 3 0 2 0 0 0/0 25:25 5:55 3:12
Jacob Trouba 0 0 0 -1 0 1 0 1 0 1 0/0 18:13 0:00 4:22
Jake DeBrusk 0 0 0 0 0 3 3 0 0 0 1/2 16:55 4:00 0:00
Jeff Carter 0 0 0 0 0 0 0 1 0 0 4/5 12:10 0:12 2:27
Mikael Backlund 0 1 1 0 0 5 0 0 0 0 11/21 18:14 4:00 1:22
Ryker Evans 0 0 0 0 0 0 0 0 0 0 0/0 12:11 0:00 0:00
Scott Mayfield 0 0 0 0 0 0 2 0 0 0 0/0 16:18 0:00 3:12
Tanner Jeannot 0 0 0 -1 2 0 3 0 0 0 0/0 10:41 0:00 3:02
Players Stats for Chicago Black Hawks
Player Name G A P +/- PIM S H SB GA TA FO MP PP MP PK MP
------------------------------------------------------------------------------------
Barrett Hayton 0 2 2 1 0 2 1 1 0 0 4/8 21:07 3:41 4:29
Bo Horvat 2 0 2 1 0 3 1 0 0 0 14/16 16:47 3:53 0:00
Brent Burns 0 0 0 2 4 0 0 2 1 0 0/0 24:25 3:55 2:45
Cale Makar 0 0 0 -1 2 2 0 1 1 0 0/0 22:33 3:39 0:00
Conor Sheary 0 0 0 -1 0 2 1 0 0 0 0/1 10:53 0:00 0:00
Devon Toews 0 0 0 2 0 1 0 0 0 1 0/0 21:39 3:39 4:27
Frederick Gaudreau 0 0 0 0 0 0 0 1 0 0 0/0 6:28 0:00 4:15
Jaden Schwartz 0 0 0 -1 0 1 6 0 0 0 0/1 12:47 0:00 1:08
Kevin Fiala 0 2 2 1 0 1 1 1 1 0 0/0 16:47 3:53 0:00
Kirby Dach 1 0 1 1 2 5 3 0 0 0 0/1 16:43 3:41 0:00
Marcus Pettersson 0 0 0 0 0 0 0 0 0 0 0/0 13:19 0:00 1:32
Michael Rasmussen 0 0 0 0 2 0 0 1 0 0 0/0 9:48 0:00 3:21
Nicholas Paul 0 0 0 -1 0 0 1 1 0 0 3/9 15:51 0:00 0:00
Patrice Bergeron 1 1 2 1 0 6 1 0 0 0 13/24 20:57 3:41 4:15
Seth Jones 0 0 0 -1 0 2 2 1 0 0 0/0 22:26 3:55 4:17
Shane Pinto 0 0 0 0 0 1 0 0 0 0 1/4 6:04 0:00 0:00
Travis Sanheim 0 0 0 0 0 0 0 0 0 0 0/0 15:43 0:00 4:27
Vincent Trocheck 0 1 1 1 0 1 3 0 0 0 0/0 16:54 3:53 0:00
3 Stars
1 - Bo Horvat (CHI)
2 - Patrice Bergeron (CHI)
3 - David Perron (EDM)
Power Play
Edmonton Oilers - 1 on 5 Attempt(s) - 20.00%
Chicago Black Hawks - 2 on 5 Attempt(s) - 40.00%
Penalty Kill
Edmonton Oilers - 3 on 5 Attempt(s) - 60.00%
- Score 0 goal in Penalty Kill
Chicago Black Hawks - 4 on 5 Attempt(s) - 80.00%
- Score 0 goal in Penalty Kill
Team Stat
Edmonton Oilers - Hits : 19 - Faceoff Wins : 29 - Blocked Shots : 10 - Penalty Minutes : 10
Chicago Black Hawks - Hits : 20 - Faceoff Wins : 35 - Blocked Shots : 9 - Penalty Minutes : 10
Official
Referees : Mike Hasenfratz and Francis Charron
Linesman : Scott Driscoll and Darren Gibbs
Game Notes
No Game Note
Finance
Level 1 -- Attendance: 4437 (73.95%) -- Ticket Income $443,700
Level 2 -- Attendance: 4232 (84.64%) -- Ticket Income $253,920
Level 3 -- Attendance: 2573 (85.77%) -- Ticket Income $90,055
Level 4 -- Attendance: 3491 (69.82%) -- Ticket Income $87,275
Luxury Box -- Attendance: 763 (76.30%) -- Ticket Income $152,600
Game was played at the United Center.
Total Attendance: 15496 (77.48%)
Total Ticket Income: $1,027,550
Other Income: $359,642
Total Income: $1,387,192
Edmonton Oilers
5 vs 5 Forward
Center Left Wing Right Wing Time % Phy DF OF
1 Boone Jenner Adrian Kempe David Perron 34 1 1 3
2 Mikael Backlund Jake DeBrusk Brock Boeser 34 0 2 3
3 Jeff Carter Alex Iafallo Blake Wheeler 20 1 2 2
4 Derek Grant Tanner Jeannot Dawson Mercer 12 1 3 1
5 vs 5 Defense
Defense Defense Time % Phy DF OF
1 Jacob Trouba Brandon Carlo 35 1 3 1
2 Brett Pesce Evan Bouchard 35 0 2 3
3 Ryker Evans Scott Mayfield 25 1 3 1
4 Brandon Carlo Scott Mayfield 5 1 4 0
PowerPlay Forward
Center Left Wing Right Wing Time % Phy DF OF
1 Boone Jenner Adrian Kempe Brock Boeser 60 1 0 4
2 Mikael Backlund Jake DeBrusk David Perron 40 1 0 4
PowerPlay Defense
Defense Defense Time % Phy DF OF
1 Evan Bouchard Blake Wheeler 60 1 1 3
2 Brett Pesce Dawson Mercer 40 0 2 3
Penalty Kill 4 Players Forward
Center Wing Time % Phy DF OF
1 Derek Grant Tanner Jeannot 53 1 4 0
2 Jeff Carter Alex Iafallo 47 1 4 0
Penalty Kill 4 Players Defense
Defense Defense Time % Phy DF OF
1 Brandon Carlo Jacob Trouba 50 2 3 0
2 Scott Mayfield Evan Bouchard 50 2 3 0
Penalty Kill - 3 Players Forward
Forward Time % Phy DF OF
1 Derek Grant 50 1 4 0
2 Mikael Backlund 50 1 4 0
Penalty Kill - 3 Players Defense
Defense Defense Time % Phy DF OF
1 Brandon Carlo Jacob Trouba 50 1 4 0
2 Scott Mayfield Evan Bouchard 50 1 4 0
4 vs 4 Forward
Center Wing Time % Phy DF OF
1 Boone Jenner Adrian Kempe 50 1 2 2
2 Mikael Backlund Brock Boeser 50 0 2 3
4 vs 4 Defense
Defense Defense Time % Phy DF OF
1 Jacob Trouba Brandon Carlo 50 1 3 1
2 Scott Mayfield Evan Bouchard 50 1 1 3
Last Minutes Offensive
Center Left Wing Right Wing Defense Defense
Boone Jenner Adrian Kempe Brock Boeser Brett Pesce Evan Bouchard
Last Minutes Defensive
Center Left Wing Right Wing Defense Defense
Mikael Backlund Derek Grant Tanner Jeannot Brandon Carlo Scott Mayfield
Goaltenders
Starting : Juuse Saros
Backup : Matt Murray
Extra Forwards
Normal : Brock Boeser, Adrian Kempe, Boone Jenner - PP : Jake DeBrusk, Brock Boeser - PK : Mikael Backlund
Extra Defensemen
Normal : Evan Bouchard, Jacob Trouba, Brandon Carlo - PP : Jacob Trouba - PK : Brett Pesce, Brandon Carlo
Penalty Shots
Boone Jenner, Adrian Kempe, Brock Boeser, Jake DeBrusk, Dawson Mercer
Chicago Black Hawks
5 vs 5 Forward
Center Left Wing Right Wing Time % Phy DF OF
1 Bo Horvat Kevin Fiala Vincent Trocheck 30 1 2 2
2 Patrice Bergeron Barrett Hayton Kirby Dach 30 1 2 2
3 Nicholas Paul Jaden Schwartz Conor Sheary 25 1 2 2
4 Shane Pinto Michael Rasmussen Nicholas Paul 15 1 2 2
5 vs 5 Defense
Defense Defense Time % Phy DF OF
1 Cale Makar Seth Jones 30 0 3 2
2 Brent Burns Devon Toews 30 1 3 1
3 Travis Sanheim Marcus Pettersson 25 0 4 1
4 Cale Makar Brent Burns 15 0 3 2
PowerPlay Forward
Center Left Wing Right Wing Time % Phy DF OF
1 Bo Horvat Kevin Fiala Vincent Trocheck 50 0 0 5
2 Patrice Bergeron Barrett Hayton Kirby Dach 50 0 0 5
PowerPlay Defense
Defense Defense Time % Phy DF OF
1 Brent Burns Seth Jones 50 0 1 4
2 Cale Makar Devon Toews 50 0 1 4
Penalty Kill 4 Players Forward
Center Wing Time % Phy DF OF
1 Patrice Bergeron Frederick Gaudreau 50 0 5 0
2 Barrett Hayton Michael Rasmussen 50 0 5 0
Penalty Kill 4 Players Defense
Defense Defense Time % Phy DF OF
1 Devon Toews Travis Sanheim 50 0 5 0
2 Brent Burns Seth Jones 50 0 5 0
Penalty Kill - 3 Players Forward
Forward Time % Phy DF OF
1 Bo Horvat 50 0 5 0
2 Frederick Gaudreau 50 0 5 0
Penalty Kill - 3 Players Defense
Defense Defense Time % Phy DF OF
1 Marcus Pettersson Seth Jones 50 0 5 0
2 Travis Sanheim Devon Toews 50 0 5 0
4 vs 4 Forward
Center Wing Time % Phy DF OF
1 Vincent Trocheck Frederick Gaudreau 50 1 2 2
2 Shane Pinto Kevin Fiala 50 1 2 2
4 vs 4 Defense
Defense Defense Time % Phy DF OF
1 Devon Toews Travis Sanheim 50 1 3 1
2 Marcus Pettersson Cale Makar 50 0 4 1
Last Minutes Offensive
Center Left Wing Right Wing Defense Defense
Bo Horvat Kevin Fiala Vincent Trocheck Cale Makar Seth Jones
Last Minutes Defensive
Center Left Wing Right Wing Defense Defense
Bo Horvat Kevin Fiala Vincent Trocheck Cale Makar Seth Jones
Goaltenders
Starting : Thatcher Demko
Backup : Jordan Binnington
Extra Forwards
Normal : Frederick Gaudreau, Nicholas Paul, Jaden Schwartz - PP : Frederick Gaudreau, Nicholas Paul - PK : Jaden Schwartz
Extra Defensemen
Normal : Travis Sanheim, Marcus Pettersson, Brent Burns - PP : Travis Sanheim - PK : Marcus Pettersson, Brent Burns
Penalty Shots
Bo Horvat, Patrice Bergeron, Vincent Trocheck, Kevin Fiala, Barrett Hayton
% Time on Ice - Edmonton Oilers
Lines # - Real PCT - Wanted PCT - Time Play
Normal Forward
1 - 32% - 34% - 13:48
2 - 30% - 34% - 13:00
3 - 22% - 20% - 9:26
4 - 17% - 12% - 7:28
Normal Defense
1 - 33% - 35% - 14:35
2 - 37% - 35% - 16:06
3 - 28% - 25% - 12:11
4 - 2% - 5% - 0:50
PP Forward
1 - 54% - 60% - 4:44
2 - 46% - 40% - 4:00
PP Defense
1 - 68% - 60% - 5:55
2 - 32% - 40% - 2:49
PK Forward
1 - 68% - 53% - 5:07
2 - 32% - 47% - 2:27
PK Defense
1 - 58% - 50% - 4:22
2 - 42% - 50% - 3:12
PK3 Forward
1 - 0% - 50%
2 - 0% - 50%
PK3 Defense
1 - 0% - 50%
2 - 0% - 50%
44 Forward
1 - 0% - 50%
2 - 0% - 50%
44 Defense
1 - 0% - 50%
2 - 0% - 50%
Last Minute Offensive - 0:00
Last Minute Defensive - 0:00
Total
Forward - 60:00
Defense - 60:00
|
% Time on Ice - Chicago Black Hawks
Lines # - Real PCT - Wanted PCT - Time Play
Normal Forward
1 - 30% - 30% - 13:01
2 - 31% - 30% - 13:44
3 - 25% - 25% - 10:53
4 - 14% - 15% - 6:04
Normal Defense
1 - 32% - 30% - 14:04
2 - 31% - 30% - 13:43
3 - 26% - 25% - 11:16
4 - 11% - 15% - 4:39
PP Forward
1 - 51% - 50% - 3:53
2 - 49% - 50% - 3:41
PP Defense
1 - 52% - 50% - 3:55
2 - 48% - 50% - 3:39
PK Forward
1 - 49% - 50% - 4:15
2 - 51% - 50% - 4:29
PK Defense
1 - 51% - 50% - 4:27
2 - 49% - 50% - 4:17
PK3 Forward
1 - 0% - 50%
2 - 0% - 50%
PK3 Defense
1 - 0% - 50%
2 - 0% - 50%
44 Forward
1 - 0% - 50%
2 - 0% - 50%
44 Defense
1 - 0% - 50%
2 - 0% - 50%
Last Minute Offensive - 0:00
Last Minute Defensive - 0:00
Total
Forward - 60:00
Defense - 60:00
|
Play-by-Play
1st period
0:01 of 1st period - Bo Horvat wins face-off versus Boone Jenner in neutral zone.
0:04 of 1st period - Brandon Carlo is hit by Vincent Trocheck and loses puck.
0:13 of 1st period - Snap shot by David Perron.
0:13 of 1st period - Stopped by Thatcher Demko with a rebound.
0:15 of 1st period - Slapshot by Brandon Carlo.
0:15 of 1st period - Deflect By Adrian Kempe.
0:15 of 1st period - Stopped by Thatcher Demko without a rebound.
0:16 of 1st period - Patrice Bergeron wins face-off versus Mikael Backlund in Chicago Black Hawks zone.
0:21 of 1st period - Slapshot by Patrice Bergeron.
0:21 of 1st period - Shot Misses the Net.
0:23 of 1st period - Wrist shot by Barrett Hayton.
0:23 of 1st period - Shot Blocked by Brett Pesce.
0:47 of 1st period - Wrist shot by Conor Sheary.
0:47 of 1st period - Stopped by Juuse Saros with a rebound.
1:20 of 1st period - Snap shot by Kevin Fiala.
1:20 of 1st period - Shot Blocked by Brett Pesce.
1:49 of 1st period - Snap shot by Brock Boeser.
1:49 of 1st period - Shot Misses the Net.
1:51 of 1st period - Slapshot by Evan Bouchard.
1:51 of 1st period - Shot Misses the Net.
1:53 of 1st period - Slapshot by Evan Bouchard.
1:53 of 1st period - Shot Misses the Net.
1:55 of 1st period - Wrist shot by Jake DeBrusk.
1:55 of 1st period - Stopped by Thatcher Demko without a rebound.
1:56 of 1st period - Bo Horvat wins face-off versus Boone Jenner in Chicago Black Hawks zone.
2:13 of 1st period - Slapshot by Bo Horvat.
2:13 of 1st period - Goal by Bo Horvat - Edmonton Oilers : 0 - Chicago Black Hawks : 1.
2:14 of 1st period - Nicholas Paul wins face-off versus Mikael Backlund in neutral zone.
2:21 of 1st period - Snap shot by Conor Sheary.
2:21 of 1st period - Shot Misses the Net.
2:23 of 1st period - Slapshot by Devon Toews.
2:23 of 1st period - Deflect By Nicholas Paul.
2:23 of 1st period - Shot Blocked by Jacob Trouba.
2:23 of 1st period - Puck is out of play.
2:24 of 1st period - Nicholas Paul wins face-off versus Jake DeBrusk in Edmonton Oilers zone.
2:46 of 1st period - Minor Penalty to Brent Burns for High sticking.
2:47 of 1st period - Patrice Bergeron wins face-off versus Boone Jenner in Chicago Black Hawks zone.
2:57 of 1st period - Wrist shot by Boone Jenner.
2:57 of 1st period - Stopped by Thatcher Demko with a rebound.
2:59 of 1st period - Slapshot by Adrian Kempe.
2:59 of 1st period - Shot Misses the Net.
3:01 of 1st period - Slapshot by Evan Bouchard.
3:01 of 1st period - Stopped by Thatcher Demko without a rebound.
3:02 of 1st period - Patrice Bergeron wins face-off versus Adrian Kempe in Chicago Black Hawks zone.
4:46 of 1st period - Penalty to Brent Burns is over, Brent Burns is back on ice.
5:08 of 1st period - Icing by Vincent Trocheck.
5:09 of 1st period - Derek Grant wins face-off versus Nicholas Paul in Chicago Black Hawks zone.
6:54 of 1st period - Snap shot by Barrett Hayton.
6:54 of 1st period - Stopped by Juuse Saros without a rebound.
6:55 of 1st period - Mikael Backlund wins face-off versus Patrice Bergeron in Edmonton Oilers zone.
7:02 of 1st period - Seth Jones is hit by Jake DeBrusk and loses puck.
7:50 of 1st period - Snap shot by Shane Pinto.
7:50 of 1st period - Stopped by Juuse Saros without a rebound.
7:51 of 1st period - Mikael Backlund wins face-off versus Nicholas Paul in Edmonton Oilers zone.
8:00 of 1st period - Brent Burns is hit by Brandon Carlo and loses puck.
8:19 of 1st period - Bo Horvat is hit by Adrian Kempe and loses puck.
8:24 of 1st period - Snap shot by Adrian Kempe.
8:24 of 1st period - Stopped by Thatcher Demko with a rebound.
8:48 of 1st period - Snap shot by Michael Rasmussen.
8:48 of 1st period - Shot Blocked by Alex Iafallo.
9:03 of 1st period - Off-side.
9:04 of 1st period - Boone Jenner wins face-off versus Patrice Bergeron in neutral zone.
10:15 of 1st period - Snap shot by Dawson Mercer.
10:15 of 1st period - Shot Misses the Net.
10:17 of 1st period - Slapshot by Jacob Trouba.
10:17 of 1st period - Stopped by Thatcher Demko without a rebound.
10:18 of 1st period - Patrice Bergeron wins face-off versus Derek Grant in Chicago Black Hawks zone.
10:31 of 1st period - Snap shot by Patrice Bergeron.
10:31 of 1st period - Goal by Patrice Bergeron - Edmonton Oilers : 0 - Chicago Black Hawks : 2.
10:32 of 1st period - Boone Jenner wins face-off versus Bo Horvat in neutral zone.
10:47 of 1st period - Wrist shot by Vincent Trocheck.
10:47 of 1st period - Shot Misses the Net.
11:04 of 1st period - Snap shot by Blake Wheeler.
11:04 of 1st period - Stopped by Thatcher Demko with a rebound.
11:06 of 1st period - Slapshot by Evan Bouchard.
11:06 of 1st period - Stopped by Thatcher Demko without a rebound.
11:07 of 1st period - Mikael Backlund wins face-off versus Shane Pinto in Chicago Black Hawks zone.
11:20 of 1st period - Snap shot by Brock Boeser.
11:20 of 1st period - Shot Blocked by Seth Jones.
11:22 of 1st period - Slapshot by Mikael Backlund.
11:22 of 1st period - Stopped by Thatcher Demko without a rebound.
11:23 of 1st period - Patrice Bergeron wins face-off versus Boone Jenner in Chicago Black Hawks zone.
11:36 of 1st period - Wrist shot by Barrett Hayton.
11:36 of 1st period - Stopped by Juuse Saros without a rebound.
11:37 of 1st period - Mikael Backlund wins face-off versus Conor Sheary in Edmonton Oilers zone.
11:50 of 1st period - Slapshot by Nicholas Paul.
11:50 of 1st period - Shot Misses the Net.
11:52 of 1st period - Slapshot by Jaden Schwartz.
11:52 of 1st period - Shot Hit the Post.
12:02 of 1st period - Bo Horvat is hit by Adrian Kempe and loses puck.
13:09 of 1st period - Wrist shot by Kevin Fiala.
13:09 of 1st period - Stopped by Juuse Saros with a rebound.
13:11 of 1st period - Slapshot by Devon Toews.
13:11 of 1st period - Stopped by Juuse Saros with a rebound.
13:21 of 1st period - Slapshot by Cale Makar.
13:21 of 1st period - Shot Blocked by Boone Jenner.
13:34 of 1st period - Off-side.
13:35 of 1st period - Patrice Bergeron wins face-off versus Blake Wheeler in neutral zone.
15:02 of 1st period - Minor Penalty to Kirby Dach for Interference.
15:03 of 1st period - Boone Jenner wins face-off versus Patrice Bergeron in Chicago Black Hawks zone.
15:06 of 1st period - Wrist shot by Boone Jenner.
15:06 of 1st period - Shot Misses the Net.
15:08 of 1st period - Slapshot by Boone Jenner.
15:08 of 1st period - Shot Misses the Net.
15:16 of 1st period - Wrist shot by Brock Boeser.
15:16 of 1st period - Deflect By Boone Jenner.
15:16 of 1st period - Shot Misses the Net.
15:16 of 1st period - Puck is out of play.
15:17 of 1st period - Barrett Hayton wins face-off versus Boone Jenner in Chicago Black Hawks zone.
15:28 of 1st period - Patrice Bergeron is hit by Boone Jenner and loses puck.
15:43 of 1st period - Frederick Gaudreau is hit by Jake DeBrusk and loses puck.
15:48 of 1st period - Snap shot by David Perron.
15:48 of 1st period - Shot Misses the Net.
15:50 of 1st period - Slapshot by Brett Pesce.
15:50 of 1st period - Deflect By David Perron.
15:50 of 1st period - Goal by David Perron - Edmonton Oilers : 1 - Chicago Black Hawks : 2.
15:51 of 1st period - Mikael Backlund wins face-off versus Bo Horvat in neutral zone.
16:25 of 1st period - Snap shot by Jaden Schwartz.
16:25 of 1st period - Stopped by Juuse Saros without a rebound.
16:26 of 1st period - Mikael Backlund wins face-off versus Patrice Bergeron in Edmonton Oilers zone.
16:33 of 1st period - Snap shot by Brock Boeser.
16:33 of 1st period - Stopped by Thatcher Demko without a rebound.
16:34 of 1st period - Mikael Backlund wins face-off versus Barrett Hayton in Chicago Black Hawks zone.
16:39 of 1st period - Slapshot by Mikael Backlund.
16:39 of 1st period - Stopped by Thatcher Demko with a rebound.
16:41 of 1st period - Wrist shot by Mikael Backlund.
16:41 of 1st period - Stopped by Thatcher Demko without a rebound.
16:42 of 1st period - Shane Pinto wins face-off versus Boone Jenner in Chicago Black Hawks zone.
16:46 of 1st period - Icing by Michael Rasmussen.
16:47 of 1st period - Boone Jenner wins face-off versus Shane Pinto in Chicago Black Hawks zone.
17:02 of 1st period - Snap shot by Shane Pinto.
17:02 of 1st period - Shot Blocked by Brandon Carlo.
17:12 of 1st period - Wrist shot by Boone Jenner.
17:12 of 1st period - Shot Misses the Net.
17:55 of 1st period - Snap shot by Evan Bouchard.
17:55 of 1st period - Deflect By Dawson Mercer.
17:55 of 1st period - Shot Hit the Post.
17:55 of 1st period - Puck is out of play.
17:56 of 1st period - Derek Grant wins face-off versus Nicholas Paul in Chicago Black Hawks zone.
17:59 of 1st period - Wrist shot by Dawson Mercer.
17:59 of 1st period - Shot Blocked by Cale Makar.
18:11 of 1st period - Conor Sheary is hit by Tanner Jeannot and loses puck.
18:20 of 1st period - Brent Burns is hit by Tanner Jeannot and loses puck.
18:37 of 1st period - Wrist shot by Dawson Mercer.
18:37 of 1st period - Stopped by Thatcher Demko with a rebound.
18:39 of 1st period - Slapshot by Brandon Carlo.
18:39 of 1st period - Deflect By Dawson Mercer.
18:39 of 1st period - Shot Blocked by Nicholas Paul.
18:39 of 1st period - Puck is out of play.
18:40 of 1st period - Bo Horvat wins face-off versus Boone Jenner in Chicago Black Hawks zone.
18:48 of 1st period - Minor Penalty to Boone Jenner for Interference.
18:49 of 1st period - Bo Horvat wins face-off versus Derek Grant in Edmonton Oilers zone.
19:06 of 1st period - Snap shot by Vincent Trocheck.
19:06 of 1st period - Shot Misses the Net.
Goals for this period are 1 for Edmonton Oilers vs 2 for Chicago Black Hawks.
Shots for this period are 15 for Edmonton Oilers vs 9 for Chicago Black Hawks.
2nd period
0:01 of 2nd period - Patrice Bergeron wins face-off versus Derek Grant in neutral zone.
0:12 of 2nd period - Wrist shot by Patrice Bergeron.
0:12 of 2nd period - Stopped by Juuse Saros with a rebound.
0:14 of 2nd period - Wrist shot by Kirby Dach.
0:14 of 2nd period - Goal by Kirby Dach - Edmonton Oilers : 1 - Chicago Black Hawks : 3.
0:15 of 2nd period - Bo Horvat wins face-off versus Mikael Backlund in neutral zone.
0:40 of 2nd period - David Perron is hit by Kirby Dach.
1:00 of 2nd period - Slapshot by Cale Makar.
1:00 of 2nd period - Stopped by Juuse Saros with a rebound.
1:02 of 2nd period - Slapshot by Seth Jones.
1:02 of 2nd period - Stopped by Juuse Saros with a rebound.
1:08 of 2nd period - Snap shot by Michael Rasmussen.
1:08 of 2nd period - Shot Blocked by Jeff Carter.
1:10 of 2nd period - Snap shot by Michael Rasmussen.
1:10 of 2nd period - Shot Misses the Net.
1:20 of 2nd period - Jaden Schwartz is hit by Scott Mayfield and loses puck.
1:33 of 2nd period - Slapshot by Kevin Fiala.
1:33 of 2nd period - Shot Misses the Net.
1:35 of 2nd period - Wrist shot by Vincent Trocheck.
1:35 of 2nd period - Shot Misses the Net.
1:53 of 2nd period - Snap shot by Kirby Dach.
1:53 of 2nd period - Stopped by Juuse Saros without a rebound.
1:54 of 2nd period - Patrice Bergeron wins face-off versus Boone Jenner in Edmonton Oilers zone.
1:57 of 2nd period - Snap shot by Kirby Dach.
1:57 of 2nd period - Stopped by Juuse Saros without a rebound.
1:58 of 2nd period - Patrice Bergeron wins face-off versus Boone Jenner in Edmonton Oilers zone.
1:59 of 2nd period - Slapshot by Kirby Dach.
1:59 of 2nd period - Stopped by Juuse Saros with a rebound.
2:11 of 2nd period - Adrian Kempe is hit by Kirby Dach and loses puck.
2:26 of 2nd period - Snap shot by David Perron.
2:26 of 2nd period - Shot Misses the Net.
2:44 of 2nd period - Snap shot by Boone Jenner.
2:44 of 2nd period - Deflect By Adrian Kempe.
2:44 of 2nd period - Stopped by Thatcher Demko with a rebound.
2:52 of 2nd period - Snap shot by Boone Jenner.
2:52 of 2nd period - Stopped by Thatcher Demko with a rebound.
3:02 of 2nd period - Snap shot by Adrian Kempe.
3:02 of 2nd period - Stopped by Thatcher Demko without a rebound.
3:03 of 2nd period - Bo Horvat wins face-off versus Mikael Backlund in Chicago Black Hawks zone.
3:30 of 2nd period - Brett Pesce is hit by Nicholas Paul and loses puck.
3:35 of 2nd period - Slapshot by Cale Makar.
3:35 of 2nd period - Shot Misses the Net.
4:20 of 2nd period - Michael Rasmussen is hit by Alex Iafallo and loses puck.
4:33 of 2nd period - Kevin Fiala is hit by Jake DeBrusk and loses puck.
6:17 of 2nd period - Slapshot by Patrice Bergeron.
6:17 of 2nd period - Shot Misses the Net.
6:33 of 2nd period - Snap shot by Jake DeBrusk.
6:33 of 2nd period - Stopped by Thatcher Demko with a rebound.
7:41 of 2nd period - Slapshot by Vincent Trocheck.
7:41 of 2nd period - Stopped by Juuse Saros without a rebound.
7:42 of 2nd period - Bo Horvat wins face-off versus Mikael Backlund in Edmonton Oilers zone.
7:45 of 2nd period - Slapshot by Vincent Trocheck.
7:45 of 2nd period - Shot Misses the Net.
7:47 of 2nd period - Slapshot by Cale Makar.
7:47 of 2nd period - Stopped by Juuse Saros without a rebound.
7:48 of 2nd period - Bo Horvat wins face-off versus Brock Boeser in Edmonton Oilers zone.
8:17 of 2nd period - Conor Sheary is hit by Adrian Kempe and loses puck.
8:24 of 2nd period - Wrist shot by Adrian Kempe.
8:24 of 2nd period - Stopped by Thatcher Demko with a rebound.
8:26 of 2nd period - Wrist shot by David Perron.
8:26 of 2nd period - Goal by David Perron - Edmonton Oilers : 2 - Chicago Black Hawks : 3.
8:27 of 2nd period - Mikael Backlund wins face-off versus Nicholas Paul in neutral zone.
9:27 of 2nd period - Off-side.
9:28 of 2nd period - Bo Horvat wins face-off versus Mikael Backlund in neutral zone.
9:41 of 2nd period - Slapshot by Bo Horvat.
9:41 of 2nd period - Stopped by Juuse Saros without a rebound.
9:42 of 2nd period - Boone Jenner wins face-off versus Jaden Schwartz in Edmonton Oilers zone.
9:49 of 2nd period - Cale Makar is hit by Boone Jenner and loses puck.
10:34 of 2nd period - Brock Boeser is hit by Vincent Trocheck and loses puck.
11:17 of 2nd period - Slapshot by David Perron.
11:17 of 2nd period - Stopped by Thatcher Demko without a rebound.
11:18 of 2nd period - Bo Horvat wins face-off versus Boone Jenner in Chicago Black Hawks zone.
12:20 of 2nd period - Minor Penalty to Brent Burns for Hooking.
12:21 of 2nd period - Barrett Hayton wins face-off versus Mikael Backlund in Chicago Black Hawks zone.
12:30 of 2nd period - Icing by Blake Wheeler.
12:31 of 2nd period - Mikael Backlund wins face-off versus Patrice Bergeron in Edmonton Oilers zone.
13:08 of 2nd period - Snap shot by Frederick Gaudreau.
13:08 of 2nd period - Shot Misses the Net.
13:20 of 2nd period - Snap shot by Barrett Hayton.
13:20 of 2nd period - Shot Misses the Net.
14:20 of 2nd period - Penalty to Brent Burns is over, Brent Burns is back on ice.
14:36 of 2nd period - Snap shot by Frederick Gaudreau.
14:36 of 2nd period - Shot Blocked by Blake Wheeler.
14:38 of 2nd period - Wrist shot by Conor Sheary.
14:38 of 2nd period - Stopped by Juuse Saros without a rebound.
14:39 of 2nd period - Derek Grant wins face-off versus Nicholas Paul in Edmonton Oilers zone.
14:39 of 2nd period - Derek Grant is hit by Jaden Schwartz.
14:50 of 2nd period - Minor Penalty to Cale Makar for Tripping.
14:51 of 2nd period - Boone Jenner wins face-off versus Barrett Hayton in Chicago Black Hawks zone.
15:03 of 2nd period - Snap shot by Boone Jenner.
15:03 of 2nd period - Stopped by Thatcher Demko without a rebound.
15:04 of 2nd period - Boone Jenner wins face-off versus Barrett Hayton in Chicago Black Hawks zone.
15:07 of 2nd period - Slapshot by Adrian Kempe.
15:07 of 2nd period - Shot Blocked by Brent Burns.
15:09 of 2nd period - Wrist shot by Blake Wheeler.
15:09 of 2nd period - Shot Misses the Net.
15:17 of 2nd period - Wrist shot by Adrian Kempe.
15:17 of 2nd period - Shot Hit the Post.
15:19 of 2nd period - Slapshot by Evan Bouchard.
15:19 of 2nd period - Shot Blocked by Barrett Hayton.
15:21 of 2nd period - Wrist shot by Boone Jenner.
15:21 of 2nd period - Stopped by Thatcher Demko with a rebound.
15:31 of 2nd period - Evan Bouchard is hit by Seth Jones.
15:57 of 2nd period - Slapshot by David Perron.
15:57 of 2nd period - Shot Blocked by Frederick Gaudreau.
15:59 of 2nd period - Wrist shot by Jake DeBrusk.
15:59 of 2nd period - Stopped by Thatcher Demko without a rebound.
16:00 of 2nd period - Boone Jenner wins face-off versus Patrice Bergeron in Chicago Black Hawks zone.
16:15 of 2nd period - Wrist shot by Adrian Kempe.
16:15 of 2nd period - Stopped by Thatcher Demko without a rebound.
16:16 of 2nd period - Boone Jenner wins face-off versus Barrett Hayton in Chicago Black Hawks zone.
16:27 of 2nd period - Snap shot by Brock Boeser.
16:27 of 2nd period - Shot Blocked by Michael Rasmussen.
16:29 of 2nd period - Wrist shot by Boone Jenner.
16:29 of 2nd period - Stopped by Thatcher Demko with a rebound.
16:31 of 2nd period - Slapshot by Evan Bouchard.
16:31 of 2nd period - Deflect By Adrian Kempe.
16:31 of 2nd period - Shot Blocked by Brent Burns.
16:31 of 2nd period - Puck is out of play.
16:32 of 2nd period - Mikael Backlund wins face-off versus Patrice Bergeron in Chicago Black Hawks zone.
16:47 of 2nd period - Wrist shot by Michael Rasmussen.
16:47 of 2nd period - Shot Blocked by Evan Bouchard.
16:49 of 2nd period - Slapshot by Travis Sanheim.
16:49 of 2nd period - Deflect By Michael Rasmussen.
16:49 of 2nd period - Shot Misses the Net.
16:49 of 2nd period - Puck is out of play.
16:50 of 2nd period - Penalty to Cale Makar is over, Cale Makar is back on ice.
16:50 of 2nd period - Jeff Carter wins face-off versus Kirby Dach in Edmonton Oilers zone.
17:15 of 2nd period - Jake DeBrusk is hit by Seth Jones.
17:40 of 2nd period - Minor Penalty to Brandon Carlo for Tripping.
17:41 of 2nd period - Bo Horvat wins face-off versus Derek Grant in Edmonton Oilers zone.
19:40 of 2nd period - Penalty to Brandon Carlo is over, Brandon Carlo is back on ice.
19:48 of 2nd period - Slapshot by Evan Bouchard.
19:48 of 2nd period - Deflect By Cale Makar.
19:48 of 2nd period - Stopped by Thatcher Demko with a rebound.
19:50 of 2nd period - Snap shot by Brandon Carlo.
19:50 of 2nd period - Shot Misses the Net.
Goals for this period are 1 for Edmonton Oilers vs 1 for Chicago Black Hawks.
Shots for this period are 13 for Edmonton Oilers vs 11 for Chicago Black Hawks.
3rd period
0:01 of 3rd period - Mikael Backlund wins face-off versus Patrice Bergeron in neutral zone.
0:13 of 3rd period - Off-side.
0:14 of 3rd period - Bo Horvat wins face-off versus Boone Jenner in neutral zone.
0:21 of 3rd period - Evan Bouchard is hit by Bo Horvat and loses puck.
0:49 of 3rd period - Evan Bouchard is hit by Patrice Bergeron and loses puck.
2:48 of 3rd period - Nicholas Paul is hit by Adrian Kempe and loses puck.
3:05 of 3rd period - Slapshot by Patrice Bergeron.
3:05 of 3rd period - Stopped by Juuse Saros with a rebound.
3:21 of 3rd period - Mikael Backlund is hit by Jaden Schwartz and loses puck.
4:17 of 3rd period - Wrist shot by Brock Boeser.
4:17 of 3rd period - Shot Blocked by Kevin Fiala.
4:19 of 3rd period - Snap shot by Mikael Backlund.
4:19 of 3rd period - Stopped by Thatcher Demko without a rebound.
4:20 of 3rd period - Patrice Bergeron wins face-off versus Boone Jenner in Chicago Black Hawks zone.
4:28 of 3rd period - Minor Penalty to Boone Jenner for Interference.
4:29 of 3rd period - Derek Grant wins face-off versus Patrice Bergeron in Edmonton Oilers zone.
4:29 of 3rd period - Derek Grant is hit by Kirby Dach.
6:28 of 3rd period - Penalty to Boone Jenner is over, Boone Jenner is back on ice.
6:30 of 3rd period - Bo Horvat is hit by Boone Jenner and loses puck.
7:21 of 3rd period - Patrice Bergeron is hit by Blake Wheeler.
8:38 of 3rd period - Brock Boeser is hit by Barrett Hayton and loses puck.
9:19 of 3rd period - Snap shot by Blake Wheeler.
9:19 of 3rd period - Deflect By Alex Iafallo.
9:19 of 3rd period - Shot Misses the Net.
9:19 of 3rd period - Puck is out of play.
9:20 of 3rd period - Jeff Carter wins face-off versus Nicholas Paul in Chicago Black Hawks zone.
9:27 of 3rd period - Brandon Carlo is hit by Jaden Schwartz and loses puck.
9:44 of 3rd period - Backhand shot by Mikael Backlund.
9:44 of 3rd period - Stopped by Thatcher Demko without a rebound.
9:45 of 3rd period - Patrice Bergeron wins face-off versus Mikael Backlund in Chicago Black Hawks zone.
10:14 of 3rd period - Boone Jenner is hit by Vincent Trocheck and loses puck.
10:37 of 3rd period - Wrist shot by Jaden Schwartz.
10:37 of 3rd period - Shot Blocked by Evan Bouchard.
10:39 of 3rd period - Slapshot by Seth Jones.
10:39 of 3rd period - Stopped by Juuse Saros without a rebound.
10:40 of 3rd period - Patrice Bergeron wins face-off versus Blake Wheeler in Edmonton Oilers zone.
10:41 of 3rd period - Snap shot by Kirby Dach.
10:41 of 3rd period - Stopped by Juuse Saros without a rebound.
10:42 of 3rd period - Barrett Hayton wins face-off versus Mikael Backlund in Edmonton Oilers zone.
11:45 of 3rd period - Ryker Evans is hit by Conor Sheary and loses puck.
12:04 of 3rd period - Snap shot by Patrice Bergeron.
12:04 of 3rd period - Stopped by Juuse Saros with a rebound.
12:12 of 3rd period - Minor Penalty to Tanner Jeannot for Holding.
12:13 of 3rd period - Jeff Carter wins face-off versus Patrice Bergeron in Edmonton Oilers zone.
12:25 of 3rd period - Off-side.
12:26 of 3rd period - Patrice Bergeron wins face-off versus Mikael Backlund in neutral zone.
14:12 of 3rd period - Penalty to Tanner Jeannot is over, Tanner Jeannot is back on ice.
14:29 of 3rd period - Brett Pesce is hit by Jaden Schwartz and loses puck.
14:53 of 3rd period - Kirby Dach is hit by Blake Wheeler and loses puck.
15:31 of 3rd period - Cale Makar is hit by Scott Mayfield and loses puck.
15:42 of 3rd period - Kevin Fiala is hit by Tanner Jeannot.
17:00 of 3rd period - Minor Penalty to Blake Wheeler for Cross-checking.
17:01 of 3rd period - Bo Horvat wins face-off versus Derek Grant in Edmonton Oilers zone.
17:01 of 3rd period - Snap shot by Vincent Trocheck.
17:01 of 3rd period - Deflect By Jacob Trouba.
17:01 of 3rd period - Shot Misses the Net.
17:01 of 3rd period - Puck is out of play.
17:02 of 3rd period - Bo Horvat wins face-off versus Derek Grant in Edmonton Oilers zone.
17:11 of 3rd period - Slapshot by Bo Horvat.
17:11 of 3rd period - Goal by Bo Horvat - Edmonton Oilers : 2 - Chicago Black Hawks : 4.
17:12 of 3rd period - Nicholas Paul wins face-off versus Jeff Carter in neutral zone.
17:28 of 3rd period - Slapshot by Jacob Trouba.
17:28 of 3rd period - Shot Misses the Net.
17:38 of 3rd period - Adrian Kempe is hit by Kevin Fiala and loses puck.
17:47 of 3rd period - Snap shot by Brandon Carlo.
17:47 of 3rd period - Stopped by Thatcher Demko without a rebound.
17:48 of 3rd period - Jeff Carter wins face-off versus Shane Pinto in Chicago Black Hawks zone.
17:58 of 3rd period - Minor Penalty to Michael Rasmussen for Tripping.
17:59 of 3rd period - Barrett Hayton wins face-off versus Boone Jenner in Chicago Black Hawks zone.
18:03 of 3rd period - Brock Boeser is hit by Jaden Schwartz and loses puck.
18:16 of 3rd period - Wrist shot by Brock Boeser.
18:16 of 3rd period - Deflect By Boone Jenner.
18:16 of 3rd period - Stopped by Thatcher Demko with a rebound.
18:48 of 3rd period - Snap shot by Patrice Bergeron.
18:48 of 3rd period - Stopped by Juuse Saros with a rebound.
18:50 of 3rd period - Snap shot by Patrice Bergeron.
18:50 of 3rd period - Stopped by Juuse Saros without a rebound.
18:51 of 3rd period - Jake DeBrusk wins face-off versus Patrice Bergeron in Edmonton Oilers zone.
19:54 of 3rd period - David Perron is hit by Jaden Schwartz and loses puck.
19:58 of 3rd period - Penalty to Michael Rasmussen is over, Michael Rasmussen is back on ice.
Goals for this period are 0 for Edmonton Oilers vs 1 for Chicago Black Hawks.
Shots for this period are 4 for Edmonton Oilers vs 7 for Chicago Black Hawks.
Back to the Top